 Dungeon Crawl Stone Soup version bcrawl-1.12.2 (webtiles) character file.

Game seed: 11721784684209960408

1692 Ebbett the Covered (level 9, -2/75 HPs)
             Began as a Hill Orc Fighter on July 23, 2019.
             Was a Believer of Trog.
             Slain by a titanic slime creature (60 damage)
             ... on level 6 of the Dungeon.
             The game lasted 00:12:25 (5066 turns).

Ebbett the Covered (Hill Orc Fighter)               Turns: 5066, Time: 00:12:25

Health: -2/75      AC:  8    Str: 22    XL:     9   Next: 2%
Magic:  9/9        EV: 10    Int:  8    God:    Trog [**....]
Gold:   100        SH: 10    Dex: 10    Spells: 8/8 levels left

rFire    . . .     SeeInvis .   x - +3 war axe (venom)
rCold    . . .     Gourm    .   c - +0 shield
rNeg     . . .     Faith    .   b - +0 scale mail
rPois    .         Spirit   .   (no helmet)
rElec    .         Reflect  .   (no cloak)
rCorr    .         Harm     .   (no gloves)
MR       .....                  (no boots)
Stlth    ..........             (no amulet)
HPRegen  0.22/turn              (no ring)
MPRegen  0.11/turn              (no ring)

@: no status effects
A: no striking features
a: Berserk, Trog's Hand, Renounce Religion


You were on level 6 of the Dungeon.
You worshipped Trog.
Trog was pleased with you.
You were not hungry.

You visited 1 branch of the dungeon, and saw 6 of its levels.

You collected 396 gold pieces.
You spent 296 gold pieces at shops.

Inventory:

Hand Weapons
 i - a +2 hand axe of draining
 x - a +3 war axe of venom (weapon)
Armour
 b - a +0 scale mail (worn)
 c - a +0 shield (worn)
 t - a +0 chain mail
Jewellery
 y - an uncursed ring of flight {unknown}
 z - a +3 ring of strength {unknown}
Wands
 d - a wand of polymorph (11)
 p - a wand of digging (9)
 A - a wand of random effects (6)
Scrolls
 e - a scroll of fear
 g - 2 scrolls of teleportation
 h - 7 scrolls of identify
 k - 2 scrolls of enchant weapon
 l - a scroll of amnesia
 m - 4 scrolls of blinking
 n - 4 scrolls of remove curse
 q - a scroll of magic mapping {unknown}
Potions
 j - a potion of degeneration
 o - a potion of invisibility {unknown}
 r - a potion of ambrosia {unknown}
 s - 2 potions of heal wounds {unknown}
 u - a potion of agility
 v - a potion of might
 w - a potion of berserk rage {unknown}
Comestibles
 a - 9 chunks of flesh
 f - 8 rations {!d}


   Skills:
 + Level 6.0 Fighting
   Level 6.0 Short Blades
   Level 6.0 Long Blades
   Level 6.0 Axes
   Level 6.0 Maces & Flails
   Level 6.0 Polearms
   Level 6.0 Staves
 + Level 7.6 Armour
 + Level 3.6 Dodging
 + Level 0.9 Stealth
 + Level 7.1 Shields
   Level 6.0 Unarmed Combat


You had 8 spell levels left.
You didn't know any spells.
Your spell library was empty.

Dungeon Overview and Level Annotations

Branches:
Dungeon (6/12)             Temple (0/1) D:5

Altars:
Cheibriados
Elyvilon
Lugonu
Okawaru
Qazlal
Trog
Zin

Shops:
D:5 (

Annotations:
D:3 Grinder
D:5 2 transporters, MisterOstroum's ghost, novice DsAc


Message History

A large slime creature splits.
You hit the enormous slime creature.
The enormous slime creature is lightly wounded.
Two slime creatures merge to form a titanic slime creature.
You hit the titanic slime creature.
The titanic slime creature is lightly wounded.
You hit the titanic slime creature.
The titanic slime creature is poisoned.
The titanic slime creature is lightly wounded.
The titanic slime creature barely misses you.
You hit the titanic slime creature.
The titanic slime creature is lightly wounded.
You block the titanic slime creature's attack.
You slash the titanic slime creature!
The titanic slime creature is lightly wounded.
The titanic slime creature closely misses you.
You hit the titanic slime creature.
The titanic slime creature is lightly wounded.
The titanic slime creature hits you!!!
Ouch! That really hurt!
You die...

#. #.#.# ..#.###
...... #....# #..#.#
#..#.# .
#######..#.#####....
#...........@JJ.....
##
###.#......###.(####
#. #.#.###### .# #.
#.#.. # #.
#.#########+####
###.
#..............#
##.#.
#######.....)<.#
#.... #........#
##.#< #........#
#....


You could see a titanic slime creature and a slime creature.

Vanquished Creatures
  A centaur skeleton (D:5)
  2 hippogriffs (D:6)
  An ogre (D:5)
  An ice beast (D:3)
  A necrophage (D:6)
  A bullfrog (D:6)
  A big kobold (D:6)
  A scorpion (D:4)
  2 crimson imps
  A bullfrog skeleton (D:5)
  An orc wizard (D:4)
  4 hounds
  5 worker ants
  A hound skeleton (D:4)
  A river rat (D:3)
  10 adders
  2 worms
  2 dart slugs
  2 leopard geckos
  10 orcs
  A ball python (D:3)
  8 bats
  4 giant cockroaches
  4 goblins
  9 hobgoblins
  8 jackals
  10 kobolds
  2 quokkas
  6 frilled lizards
  5 rats
107 creatures vanquished.

Vanquished Creatures (others)
  6 plants (D:5)
6 creatures vanquished.

Grand Total: 113 creatures vanquished

Notes
Turn   | Place    | Note
-------+----------+-------------------------------------------
     0 | D:1      | Ebbett the Hill Orc Fighter began the quest for the Orb.
     0 | D:1      | Reached XP level 1. HP: 20/20 MP: 1/1
   177 | D:1      | Reached XP level 2. HP: 26/28 MP: 2/2
   662 | D:1      | Reached XP level 3. HP: 33/34 MP: 3/3
  1505 | D:2      | Found a white marble altar of Elyvilon.
  1994 | D:2      | Found a snail-covered altar of Cheibriados.
  2064 | D:2      | Became a worshipper of Elyvilon the Healer
  2141 | D:3      | Noticed an ice beast
  2148 | D:3      | Killed an ice beast
  2148 | D:3      | Reached skill level 1 in Dodging
  2148 | D:3      | Reached XP level 4. HP: 20/41 MP: 4/4
  2148 | D:3      | Reached XP level 5. HP: 23/47 MP: 5/5
  2256 | D:3      | Found a glowing drain.
  2369 | D:3      | Found a glowing silver altar of Zin.
  2615 | D:3      | Found a stormy altar of Qazlal.
  2674 | D:3      | Found an iron altar of Okawaru.
  2702 | D:3      | Found a bloodstained altar of Trog.
  2810 | D:3      | Fell from the grace of Elyvilon
  2810 | D:3      | Became a worshipper of Trog the Wrathful
  3120 | D:3      | Noticed Grinder
  3120 | D:3      | Paralysed by Grinder for 2 turns
  3132 | D:3      | Paralysed by Grinder for 2 turns
  3336 | D:4      | Reached XP level 6. HP: 48/55 MP: 6/6
  3428 | D:4      | Reached * piety under Trog
  3428 | D:4      | Reached skill level 5 in Armour
  3589 | D:4      | Reached skill level 5 in Fighting
  3787 | D:4      | Reached skill level 5 in Shields
  3848 | D:5      | Entered Level 5 of the Dungeon
  3902 | D:5      | Found a staircase to the Ecumenical Temple.
  3927 | D:5      | Reached XP level 7. HP: 33/61 MP: 7/7
  4132 | D:5      | Reached XP level 8. HP: 40/69 MP: 8/8
  4393 | D:5      | Identified the +5 shield "Goelaij" {+Fly Int+3 Dex+4}
  4398 | D:5      | Found a transporter.
  4404 | D:5      | Found a transporter.
  4407 | D:5      | Noticed MisterOstroum's ghost (novice DsAc)
  4485 | D:5      | Found Ebozemm's Weapon Shoppe.
  4640 | D:5      | Bought a +3 war axe of venom for 296 gold pieces
  4910 | D:6      | Noticed a hippogriff
  4918 | D:6      | Killed a hippogriff
  5000 | D:6      | Found a corrupted altar of Lugonu.
  5048 | D:6      | Noticed a hippogriff
  5049 | D:6      | Noticed a slime creature
  5050 | D:6      | Noticed a slime creature
  5050 | D:6      | Noticed a slime creature
  5050 | D:6      | Noticed a slime creature
  5051 | D:6      | Noticed a slime creature
  5052 | D:6      | Noticed a slime creature
  5059 | D:6      | Killed a hippogriff
  5059 | D:6      | Reached ** piety under Trog
  5059 | D:6      | Reached XP level 9. HP: 56/75 MP: 9/9
  5066 | D:6      | Slain by a titanic slime creature

Skill      XL: |  1  2  3  4  5  6  7  8 |
---------------+-------------------------+-----
Armour         | 4 6 7 |  7.6
Dodging        | 1 2 3 |  3.6
Shields        | 4 5 7 |  7.1
Fighting       | 5 6 |  6.0
Short Blades   | |  6.0
Long Blades    | |  6.0
Axes           | |  6.0
Maces & Flails | |  6.0
Polearms       | |  6.0
Staves         | |  6.0
Stealth        | |  0.9
Unarmed Combat | |  6.0

Action                   |  1- 3 |  4- 6 |  7- 9 || total
-------------------------+-------+-------+-------++-------
Melee: War axe           |   138 |   114 |    60 ||   312
       Hand axe          |       |    86 |    69 ||   155
  Use: Scroll            |       |     7 |       ||     7
       Potion            |       |     3 |     1 ||     4
  Eat: Chunk             |     3 |     7 |     4 ||    14
Armor: Scale mail        |   109 |    97 |    41 ||   247
Dodge: Dodged            |    65 |    78 |    60 ||   203
Block: Shield            |   105 |   123 |    74 ||   302
